 Dungeon Crawl Stone Soup version 0.30-a0-1160-g6e42c06551 (console) character file.

Game seed: 16829741755204975488

314 petzl the Sneak (level 6, 0/46 (48) HPs)
             Began as a Formicid Delver on Apr 26, 2023.
             Slain by an iguana (10 damage)
             ... on level 7 of the Dungeon.
             The game lasted 00:19:18 (3654 turns).

petzl the Sneak (Formicid Delver)                   Turns: 3654, Time: 00:19:19

HP:   0/46 (48)     AC:  4    Str: 17    XL:     6   Next: 72%
MP:   11/11         EV: 11    Int: 17    God:
Gold: 224           SH:  5    Dex: 15    Spells: 9/12 levels left

rFire   . . .        a - +0 spear (heavy) {!f =f}
rCold   . . .        i - +0 buckler
rNeg    . . .        m - +0 leather armour
rPois   .            (helmet unavailable)
rElec   .            k - +0 cloak
rCorr   .            (no gloves)
SInv    +            (no boots)
Will    .....        (no amulet)
Stlth   +++          w - +6 ring of intelligence
HPRegen 0.27/turn    (no ring)
MPRegen 0.12/turn

%: no passive effects
@: lightly drained
A: permanent stasis, dig shafts and tunnels, antennae 3, four strong arms
a: Dig, Shaft Self


You were on level 7 of the Dungeon.
You visited 1 branch of the dungeon, and saw 6 of its levels.

You collected 224 gold pieces.

Inventory:

Hand Weapons
 a - a +0 heavy spear (weapon) {!f =f}
 b - a +0 sling
 v - a +1 dagger of protection {!f =f}
Missiles
 l - 11 poisoned darts
Armour
 i - a +0 buckler (worn)
 k - a +0 cloak (worn)
 m - a +0 leather armour (worn)
Magical Staves
 t - a staff of conjuration
Jewellery
 w - a +6 ring of intelligence (left hand)
Wands
 f - a wand of digging (3)
Scrolls
 c - a scroll of fog
 d - 2 scrolls of magic mapping
 e - a scroll of fear
 n - a scroll of amnesia
 o - a scroll of identify
 q - a scroll of poison
 r - 2 scrolls of immolation
Potions
 g - 3 potions of curing {unknown}
 h - 2 potions of haste {unknown}
 j - 4 potions of brilliance {unknown}
 p - a potion of flight {unknown}
 s - a potion of invisibility {unknown}
 u - a potion of ambrosia {unknown}


   Skills:
 + Level 3.7 Fighting
 - Level 2.0 Maces & Flails
 + Level 1.8 Ranged Weapons
 + Level 1.5 Armour
 - Level 1.7 Dodging
 + Level 6.3 Stealth
 + Level 3.2 Shields
 * Level 3.8 Spellcasting
 * Level 1.2 Ice Magic


You had 9 spell levels left.
You knew the following spells:

 Your Spells              Type           Power      Damage    Failure   Level
a - Ozocubu's Armour      Ice            7%         N/A       41%         3

Your spell library contained the following spells:

 Spells                   Type           Power      Damage    Failure   Level
 Necrotise                Necr           12%        1d4       26%         1
 Vampiric Draining        Necr           3%         2d6       58%         3
 Agony                    Necr           3%         N/A       100%        5
 Ozocubu's Refrigeration  Ice            3%         4d8       100%        7


Dungeon Overview and Level Annotations

Branches:
Dungeon (5/15)
 Temple: D:4-7

Altars:
Gozag
Wu Jian

Annotations:
D:3 2 transporters, exclusion: downstairs, turdburglar's ghost, weakling GnHs
D:4 1 transporter, exclusions: 2 downstairs and ogre, Eustachio; Ijyb; Pikel; asti's ghost, amateur MiFi
D:5 exclusion: ogre


Innate Abilities, Weirdness & Mutations

You cannot be hasted, slowed, berserked, paralysed or teleported.
You can dig through walls and to a lower floor.
You have a pair of large antennae on your head. (SInv)
Your four strong arms can wield two-handed weapons with a shield.


Message History

Unknown command.
Unknown command.
Unknown command.
You extend your mandibles.
You dig through the rock wall.
You feel drained.
You start resting.
HP restored.
You retract your mandibles.
The ufetubus shouts!
You puncture the ufetubus!
You kill the ufetubus!
b - a +0 sling (weapon)
a - a +0 heavy spear (weapon)
{!f =f} Reach: a) +0 spear (heavy) {!f =f}
Press: ? - help, Dir - move target, f - iguana
Aim: an iguana (wandering, hasn't noticed you, about 35% to evade your +0 heavy spear)
You reach to attack!
The iguana hisses angrily.
You hit the iguana.
The iguana is lightly wounded.
The iguana misses you.
Reach: a) +0 spear (heavy) {!f =f}
Press: ? - help, Dir - move target, f/p - iguana
Aim: an iguana (lightly wounded, about 35% to evade your +0 heavy spear)
You puncture the iguana!
The iguana is severely wounded.
The iguana bites you!
Unknown command.
You hit the iguana but do no damage.
The iguana is severely wounded.
The iguana bites you but does no damage.
The iguana bites you!
You closely miss the iguana.
The iguana is severely wounded.
The iguana bites you! The iguana bites you.
* * * LOW HITPOINT WARNING * * *
You closely miss the iguana.
The iguana is severely wounded.
The iguana bites you!
You die...

##.# ...#### ##.. .....#
.... .# ..... ....
...##.#.###.)###
...............o
.5l{$...........
...{............ {
..######.###### #...# #
###.# #. #.### # #.#
#...########.# #..#
##..@l.......##
#..#######.##.........#
####.........#.#####....#
#......######### #......
....####.###########
{###..
.#######.#.......... c. .
..........######### #.
....###.### .. ## #.# #.#
{ #.# ..# ... ...


You could see an iguana.

Vanquished Creatures
  A jelly (D:4)
  2 hounds
  2 iguanas
  6 adders
  A gnoll (D:2)
  2 ufetubi
  A worm (D:2)
  3 dart slugs (D:2)
  5 orcs (D:3)
  A bat (D:1)
  14 endoplasms
  A giant cockroach (D:3)
  10 goblins
  6 hobgoblins
  3 jackals (D:1)
  7 kobolds
  6 quokkas
  6 ball pythons
  2 frilled lizards
  8 rats
87 creatures vanquished.

Vanquished Creatures (others)
  6 plants (D:3)
6 creatures vanquished.

Grand Total: 93 creatures vanquished

Notes
Turn   | Place    | Note
-------+----------+-------------------------------------------
     0 | D:5      | petzl the Formicid Delver began the quest for the Orb.
     0 | D:5      | Reached XP level 1. HP: 18/18 MP: 1/1
     0 | D:5      | Found a glowing drain.
     8 | D:4      | Noticed Eustachio
    68 | D:3      | Reached skill level 1 in Spellcasting
    98 | D:3      | Found a transporter.
   177 | D:1      | Reached XP level 2. HP: 23/24 MP: 3/3
   388 | D:1      | Reached skill level 1 in Shields
   584 | D:1      | Reached XP level 3. HP: 29/29 MP: 6/6
  1081 | D:1      | Reached XP level 4. HP: 13/35 MP: 7/7
  1319 | D:2      | Reached skill level 1 in Ranged Weapons
  1335 | D:2      | Found a faded altar of an unknown god.
  1630 | D:1      | You fall into a shaft and drop 1 floor!
  1848 | D:2      | Learned a level 3 spell: Ozocubu's Armour
  1954 | D:2      | Reached XP level 5. HP: 31/41 MP: 9/9
  2129 | D:3      | Found the +18 Lear's hauberk
  2343 | D:3      | Found an opulent altar of Gozag.
  2465 | D:3      | Found a transporter.
  2468 | D:3      | Noticed turdburglar's ghost (weakling GnHs)
  2588 | D:3      | Found an ornate altar of the Wu Jian Council.
  2762 | D:4      | Noticed a lemure
  2763 | D:4      | Noticed Pikel
  2825 | D:4      | Reached skill level 1 in Armour
  2825 | D:4      | Reached XP level 6. HP: 34/47 MP: 11/11
  2884 | D:4      | Reached skill level 1 in Ice Magic
  3120 | D:4      | Noticed Ijyb
  3231 | D:4      | Noticed an ogre
  3342 | D:5      | Noticed a black bear
  3357 | D:4      | Found a transporter.
  3359 | D:4      | Noticed asti's ghost (amateur MiFi)
  3368 | D:4      | You fall into a shaft and drop 1 floor!
  3441 | D:5      | Noticed an ogre
  3454 | D:5      | Noticed a black bear
  3473 | D:5      | You fall into a shaft and drop 2 floors!
  3654 | D:7      | Slain by an iguana

Illustrated notes

Levels and vault maps discovered:
D:1:      amcnicky_arrival_feature_with_door, layout_rooms,
          amcnicky_mini_corridor_feature, ebering_dispersal_statue_hall
D:2:      layout_rooms, hellmonk_ecumenical_altar_blasted, minmay_pentomino_z4
D:3:      layout_basic, grunt_gozag_statues, mainiacjoe_overflow_alcove_4,
          gammafunk_ghost_stat_death
D:4:      layout_rooms, good_gods_mini_temple, gammafunk_ghost_mausoleum,
          kennysheep_donut, uniq_eustachio, uniq_pikel, uniq_ijyb
D:5:      layout_cave_pools, trog_butcher_becter, mainiacjoe_overflow_paths,
          nemelex_diamond_rough_becter, cheibrodos_sewer_entry_drain
D:7:      layout_rooms, ebering_ghost_xom

Skill      XL: |  1  2  3  4  5  6 |
---------------+-------------------+-----
Spellcasting   | 1 2 3 |  3.8
Shields        | 1 2 3 |  3.2
Ranged Weapons | 1 |  1.8
Armour         | 1 |  1.5
Ice Magic      | 1 |  1.2
Fighting       | |  3.7
Maces & Flails | |  2.0
Dodging        | |  1.7
Stealth        | |  6.3

Action                     |  1- 3 |  4- 6 || total
---------------------------+-------+-------++-------
  Melee: Mace              |    83 |    56 ||   139
         Spear             |       |    80 ||    80
   Fire: Sling             |    25 |   102 ||   127
Ability: Shaft Self        |       |     3 ||     3
         Dig               |       |     4 ||     4
    Use: Scroll            |       |     3 ||     3
   Stab: Sleeping          |     9 |     5 ||    14
         Distracted        |     1 |       ||     1
 Armour: Leather armour    |    30 |    58 ||    88
  Dodge: Dodged            |    50 |   122 ||   172
  Block: Buckler           |    10 |    48 ||    58

Table legend: (Time is in decaauts)
 A = Elapsed time spent in this place.
 B = Non-inter-level travel time spent in this place.
 C = Inter-level travel time spent in this place.
 D = Time resting spent in this place.
 E = Time spent auto-exploring this place.
 F = Levels seen in this place.
 G = Mean time per level.
                   A        B        C        D        E       F      G
               +--------+--------+--------+--------+--------+-----+--------+
         Total |   3793 |   3563 |    230 |    878 |   1258 |   6 |  632.2 |
       Dungeon |   3793 |   3563 |    230 |    878 |   1258 |   6 |  632.2 |
               +--------+--------+--------+--------+--------+-----+--------+

Top non-repeatable levels by time:
     D:1: 1087 daAuts
     D:3: 1074 daAuts
     D:2: 984 daAuts
     D:4: 339 daAuts
     D:7: 187 daAuts
     D:5: 120 daAuts
